 Dungeon Sprint DCSS version 0.20-a0-1078-g4874019 (webtiles) character file.

770 Nobokod the Carver (level 7, -1/59 HPs)
             Began as a Demonspawn Fighter on Apr 30, 2017.
             Was a Follower of Dithmenos.
             Slain by a sky beast (6 damage)
             ... in the Dungeon (Sprint IX: "|||||||||||||||||||||||||||||").
             The game lasted 00:01:21 (282 turns).

Nobokod the Carver (Demonspawn Fighter)              Turns: 282, Time: 00:01:21

Health: -1/59      AC: 17    Str: 20    XL:     7   Next: 53%
Magic:  7/12       EV:  6    Int:  9    God:    Dithmenos [*.....]
Gold:   0          SH: 10    Dex: 14    Spells: 6/6 levels left

rFire    . . .     SeeInvis .   o - +2 rapier (venom)
rCold    . . .     Gourm    .   c - +0 shield
rNeg     . . .     Faith    .   r - +1 chain mail
rPois    .         Spirit   .   q - +0 helmet
rElec    .         Reflect  .   (no cloak)
rCorr    .         Harm     .   p - +0 pair of gloves
MR       .....     NoTele   +   (no boots)
Stlth    +.........             (no amulet)
Regen    0.2/turn               s - +3 ring of strength
MPRegen  0.2/turn               t - +2 ring of protection

@: wreathed by umbra
A: yellow scales 1, nightstalker 1, spiny 2
a: Renounce Religion


You were in the Dungeon.
You worshipped Dithmenos.
Dithmenos was aware of your devotion.
You were not hungry.

You visited 1 branch

Inventory:

Hand Weapons
 o - a +2 rapier of venom (weapon)
Armour
 c - a +0 shield (worn)
 p - a +0 pair of gloves (worn)
 q - a +0 helmet (worn)
 r - a +1 chain mail (worn)
Jewellery
 s - a +3 ring of strength (left hand)
 t - a +2 ring of protection (right hand)
Wands
 n - a wand of lightning (7/15)
Scrolls
 k - 2 scrolls of blinking
 l - 3 scrolls of remove curse
 m - 2 scrolls of amnesia
Potions
 d - a potion of might
 e - 5 potions of curing
 g - 2 potions of heal wounds
 h - a potion of haste
 i - 4 potions of magic
 j - a potion of invisibility
Comestibles
 f - a bread ration


   Skills:
 + Level 6.6 Fighting
   Level 9.0 Long Blades
 + Level 6.1 Armour
 + Level 1.7 Dodging
 * Level 6.1 Stealth
 + Level 6.2 Shields
 * Level 7.3 Invocations


You had 6 spell levels left.
You didn't know any spells.

Dungeon Overview and Level Annotations

Branches:
Dungeon (1/1)

Altars:
Cheibriados
Dithmenos
Elyvilon
Fedhas
Gozag
Hepliaklqana
Kikubaaqudgha
Makhleb
Nemelex Xobeh
Okawaru
Qazlal
Ru
Sif Muna
Trog
Uskayaw
Vehumet
Wu Jian
Xom
Yredelemnul
Zin
The Shining One
Beogh
Jiyva
Lugonu


Innate Abilities, Weirdness & Mutations

You are partially covered in yellow scales. (AC +2)
You are slightly more attuned to the shadows.
You are mostly covered in sharp spines.


Message History

Unknown command.
You block the sky beast's attack.
You hit the sky beast but do no damage.
The sky beast is poisoned.
You hit the sky beast.
The sky beast looks even sicker.
The sky beast is lightly wounded.
The sky beast hits you but does no damage.
You block the sky beast's attack.
You hit the sky beast.
The sky beast looks as sick as possible!
The sky beast is heavily wounded.
You block the sky beast's attack.
You hit the sky beast but do no damage.
The sky beast looks as sick as possible!
The sky beast is heavily wounded.
Your chain mail prevents you from hitting the sky beast.
The sky beast is heavily wounded.
The sky beast is struck by your spines. The sky beast hits you.
* * * LOW HITPOINT WARNING * * *
The sky beast shocks you.
You die... ▓▓▓▓▓▓▓▓▓▓▓▓▓▓▓▓▓▓▓▓▓▓▓ _______'..|)....@Yr.... ▓▓▓▓▓▓▓▓▓▓▓▓▓▓▓▓▓▓▓▓▓▓▓

You could see a sky beast and a quokka.

Vanquished Creatures
  An unseen horror (D)
  An ice beast (D)
  A centaur (D)
  A crimson imp (D)
  An orc wizard (D)
  A worm (D)
  A leopard gecko (D)
  An orc (D)
  A ball python (D)
  A bat (D)
  A kobold (D)
  2 rats (D)
13 creatures vanquished.

Notes
Turn   | Place    | Note
-------+----------+-------------------------------------------
     0 | D        | Nobokod the Demonspawn Fighter began the quest for the Orb.
     0 | D        | Reached XP level 1. HP: 18/18 MP: 1/1
     8 | D        | Reached skill level 2 in Long Blades
    28 | D        | Reached skill level 3 in Long Blades
   135 | D        | Noticed a centaur
   135 | D        | Noticed a crimson imp
   142 | D        | Killed a crimson imp
   142 | D        | Reached skill level 6 in Long Blades
   142 | D        | Gained mutation: You are partially covered in sharp spines. [demonic ancestry]
   142 | D        | Reached XP level 2. HP: 24/24 MP: 2/2
   142 | D        | Reached XP level 3. HP: 29/29 MP: 3/3
   146 | D        | Killed a centaur
   146 | D        | Reached skill level 8 in Long Blades
   146 | D        | Gained mutation: You are slightly more attuned to the shadows. [demonic ancestry]
   146 | D        | Reached XP level 4. HP: 35/35 MP: 4/4
   148 | D        | Reached skill level 9 in Long Blades
   157 | D        | Found a roughly hewn altar of Beogh.
   157 | D        | Found a snail-covered altar of Cheibriados.
   157 | D        | Found a shadowy altar of Dithmenos.
   157 | D        | Found a white marble altar of Elyvilon.
   157 | D        | Found a blossoming altar of Fedhas.
   158 | D        | Found an opulent altar of Gozag.
   159 | D        | Found a hazy altar of Hepliaklqana.
   160 | D        | Found a viscous altar of Jiyva.
   161 | D        | Found an ancient bone altar of Kikubaaqudgha.
   162 | D        | Found a corrupted altar of Lugonu.
   163 | D        | Found a burning altar of Makhleb.
   164 | D        | Found a sparkling altar of Nemelex Xobeh.
   167 | D        | Found an iron altar of Okawaru.
   168 | D        | Found a stormy altar of Qazlal.
   169 | D        | Found a sacrificial altar of Ru.
   170 | D        | Found a deep blue altar of Sif Muna.
   171 | D        | Found a bloodstained altar of Trog.
   172 | D        | Found a hide-covered altar of Uskayaw.
   173 | D        | Found a radiant altar of Vehumet.
   174 | D        | Found an ornate altar of the Wu Jian Council.
   186 | D        | Became a worshipper of Dithmenos the Shadowed
   198 | D        | Found a shimmering altar of Xom.
   199 | D        | Found a basalt altar of Yredelemnul.
   200 | D        | Found a glowing silver altar of Zin.
   201 | D        | Found a glowing golden altar of the Shining One.
   253 | D        | Noticed an ice beast
   253 | D        | Noticed a sky beast
   255 | D        | Reached skill level 1 in Stealth
   255 | D        | Reached skill level 1 in Invocations
   255 | D        | Gained mutation: You are mostly covered in sharp spines. [demonic ancestry]
   255 | D        | Reached XP level 5. HP: 41/41 MP: 4/6
   265 | D        | Killed an unseen horror
   265 | D        | Reached * piety under Dithmenos
   265 | D        | Reached skill level 5 in Armour
   265 | D        | Reached skill level 1 in Dodging
   265 | D        | Reached skill level 5 in Stealth
   265 | D        | Reached skill level 5 in Shields
   265 | D        | Gained mutation: You are partially covered in yellow scales. (AC +2) [demonic ancestry]
   265 | D        | Reached XP level 6. HP: 28/53 MP: 4/11
   265 | D        | Reached XP level 7. HP: 31/59 MP: 4/12
   282 | D        | Slain by a sky beast

Vault maps used:
D:        linesprint

Skill      XL: |  1  2  3  4  5  6  7 |
---------------+----------------------+-----
Long Blades    | 6 8 9 |  9.0
Armour         | 3 5 6 |  6.1
Stealth        | 1 5 6 |  6.1
Shields        | 3 5 6 |  6.2
Invocations    | 1 6 7 |  7.3
Fighting       | 6 |  6.6
Dodging        | 1 |  1.7

Action                   |  1- 3 |  4- 6 |  7- 9 || total
-------------------------+-------+-------+-------++-------
Melee: Long sword        |    35 |     4 |       ||    39
       Rapier            |       |    12 |    15 ||    27
  Use: Potion            |     1 |       |     1 ||     2
Armor: Scale mail        |    24 |       |       ||    24
       Chain mail        |       |    10 |     5 ||    15
Dodge: Dodged            |     8 |     1 |       ||     9
Block: Shield            |    20 |     5 |     6 ||    31
